 Dungeon Crawl Stone Soup version 0.30-a0-54-g2e61a25929 (webtiles) character file.

Game seed: 15910907702530408439

44 Newt the Trooper (level 3, -5/29 HPs)
             Began as a Demonspawn Gladiator on Sept 8, 2022.
             Killed from afar by Sigmund (8 damage)
             ... with a puff of flame
             ... on level 2 of the Dungeon.
             The game lasted 00:01:22 (1839 turns).

Newt the Trooper (Demonspawn Gladiator)             Turns: 1839, Time: 00:01:23

Health: -5/29      AC:  4    Str: 14    XL:     3   Next: 41%
Magic:  3/3        EV: 12    Int:  9    God:
Gold:   34         SH:  0    Dex: 16    Spells: 2/2 levels left

rFire   . . .      SeeInvis .    a - +0 rapier
rCold   . . .      Faith    .    (no shield)
rNeg    . . .      Spirit   .    b - +0 leather armour
rPois   .          Reflect  .    c - +0 helmet
rElec   .          Harm     .    (no cloak)
rCorr   .          Rampage  .    (no gloves)
Will    .....                    (no boots)
Stlth   ++........               (no amulet)
HPRegen 0.09/turn                (no ring)
MPRegen 0.08/turn                (no ring)

@: mighty
A: demonic touch 2
a: no special abilities


You were on level 2 of the Dungeon.
You visited 1 branch of the dungeon, and saw 2 of its levels.

You collected 34 gold pieces.

Inventory:

Hand Weapons
 a - a +0 rapier (weapon)
Armour
 b - a +0 leather armour (worn)
 c - a +0 helmet (worn)
 k - a +0 scale mail
Jewellery
 f - an amulet of reflection
Scrolls
 g - a scroll of silence {unknown}
 h - a scroll of acquirement {unknown}
 l - a scroll of identify {unknown}


   Skills:
 + Level 3.1 Fighting
 - Level 2.6 Short Blades
 - Level 1.7 Throwing
 - Level 2.6 Dodging
 - Level 2.0 Stealth


You had 2 spell levels left.
You didn't know any spells.
Your spell library was empty.

Dungeon Overview and Level Annotations

Branches:
Dungeon (2/15)

Altars:

Annotations:
D:2 Sigmund


Innate Abilities, Weirdness & Mutations

Your touch may inflict irresistible damage on your foes.


Message History

The frilled lizard barely misses you. x2
Your Fighting skill increases to level 3!
Unknown command.
You hit the frilled lizard.
You kill the frilled lizard!
Unknown command.
d - a throwing net You start resting.
HP restored.
You start waiting.
Done waiting.
You start waiting.
Done waiting.
There is a stone staircase leading down here.
You climb downwards.
Level annotation: Sigmund Sigmund hits you from afar with a +0 scythe!
There is a stone staircase leading up, spattered with blood here.
You feel very mighty all of a sudden.
Sigmund hits you from afar with a +0 scythe!
Unknown command.
Throw: throwing net
Press: ? - help, Q - select action Shift-Dir - straight line, f - Sigmund
Aim: Sigmund, wielding a +0 scythe and wearing a +0 robe (57% to hit)
You throw a throwing net. The throwing net hits Sigmund.
Sigmund is caught in the net!
Unknown command.
A hobgoblin comes into view.
Sigmund gestures at you while chanting. The magic dart hits you!
* * * LOW HITPOINT WARNING * * *
Sigmund struggles against the net.
You hit Sigmund.
Sigmund is moderately wounded.
The hobgoblin shouts!
You puncture Sigmund!
Sigmund is heavily wounded.
Sigmund gestures at you while chanting. The puff of flame hits you!
You die...

#. .. ######..## ...
#.##.รท...#..#
....#.#.......#.########
....#...........#.......
.......................
.##...................
##.)................
#<.........#....)..
##@@.....#.........
#...........#........
.....#.........######.##
.g.# #.........# #.## ..
#.........# #..#
#.........# ##..
##.......## ###
##.....##


You could see Sigmund (caught) and a hobgoblin.

Vanquished Creatures
  2 adders (D:1)
  A ball python (D:1)
  4 endoplasms (D:1)
  2 goblins
  2 hobgoblins (D:1)
  3 quokkas
  3 bats (D:1)
  4 frilled lizards (D:1)
  2 kobolds (D:1)
  4 rats
27 creatures vanquished.

Notes
Turn   | Place    | Note
-------+----------+-------------------------------------------
     0 | D:1      | Newt the Demonspawn Gladiator began the quest for the Orb.
     0 | D:1      | Reached XP level 1. HP: 16/16 MP: 1/1
   242 | D:1      | Found a faded altar of an unknown god.
   252 | D:1      | Reached skill level 1 in Stealth
   466 | D:1      | Gained mutation: Your touch may inflict minor irresistible
                  | damage on your foes. [demonic ancestry]
   466 | D:1      | Reached XP level 2. HP: 21/22 MP: 2/2
  1012 | D:1      | HP: 1/23 [poisoned by an adder]
  1014 | D:1      | Gained mutation: Your touch may inflict irresistible damage
                  | on your foes. [demonic ancestry]
  1014 | D:1      | Reached XP level 3. HP: 2/28 MP: 3/3
  1347 | D:2      | Noticed Sigmund
  1380 | D:1      | Reached skill level 3 in Fighting
  1839 | D:2      | Killed from afar by Sigmund

Illustrated notes

Levels and vault maps discovered:
D:1:      lemuel_arrival_cross, layout_loops_ring, basic_ecumenical_altar
D:2:      layout_rooms, uniq_sigmund, uniq_crazy_yiuf_cottage

Skill      XL: |  1  2  3 |
---------------+----------+-----
Stealth        | 1 2 |  2.0
Fighting       | 3 |  3.1
Short Blades   | |  2.6
Throwing       | |  1.7
Dodging        | |  2.6

Action                   || total
-------------------------++-------
Melee: Rapier            ||    76
       Touch             ||     4
Throw: Throwing net      ||     4
       Javelin           ||     1
  Use: Potion            ||     3
 Stab: Sleeping          ||     2
Armor: Leather armour    ||    17
Dodge: Dodged            ||    57

Table legend: (Time is in decaauts)
 A = Elapsed time spent in this place.
 B = Non-inter-level travel time spent in this place.
 C = Inter-level travel time spent in this place.
 D = Time resting spent in this place.
 E = Time spent auto-exploring this place.
 F = Levels seen in this place.
 G = Mean time per level.
                   A        B        C        D        E       F      G
               +--------+--------+--------+--------+--------+-----+--------+
         Total |   1845 |   1824 |     21 |    736 |    868 |   2 |  922.5 |
       Dungeon |   1845 |   1824 |     21 |    736 |    868 |   2 |  922.5 |
               +--------+--------+--------+--------+--------+-----+--------+

Top non-repeatable levels by time:
     D:1: 1763 daAuts
     D:2: 82 daAuts
